 Seeded DCSS version 0.30-a0-1112-gfb780f5df6 (webtiles) character file.

Game seed: 10500318188560928690 (custom seed)

21 Pimp the Firebug (level 2, -2/22 HPs)
             Began as a Hill Orc Fire Elementalist on Apr 19, 2023.
             Slain by a goblin
             ... wielding a +0 dagger
              (3 damage)
             ... on level 2 of the Dungeon.
             The game lasted 00:01:53 (760 turns).

Pimp the Firebug (Hill Orc Fire Elementalist)        Turns: 760, Time: 00:01:53

Health: -2/22      AC:  2    Str: 10    XL:     2   Next: 87%
Magic:  2/4        EV: 11    Int: 15    God:
Gold:   19         SH:  3    Dex: 11    Spells: 3/4 levels left

rFire   . . .      SeeInvis .    c - +0 hand axe
rCold   . . .      Faith    .    d - +0 buckler
rNeg    . . .      Spirit   .    a - +0 robe
rPois   .          Reflect  .    (no helmet)
rElec   .          Rampage  .    (no cloak)
rCorr   .                        (no gloves)
Will    .....                    (no boots)
Stlth   ++                       (no amulet)
HPRegen 0.23/turn                (no ring)
MPRegen 0.09/turn                (no ring)

@: no status effects
A: no striking features
a: no special abilities


You were on level 2 of the Dungeon.
You visited 1 branch of the dungeon, and saw 2 of its levels.

You collected 19 gold pieces.

Inventory:

Hand Weapons
 c - a +0 hand axe (weapon)
Armour
 a - a +0 robe (worn)
 d - a +0 buckler (worn)
Magical Staves
 g - a staff of fire
Scrolls
 e - a scroll of enchant weapon {unknown}
 f - 2 scrolls of teleportation {unknown}
Potions
 b - a potion of magic


   Skills:
 + Level 0.4 Fighting
 + Level 0.2 Axes
 + Level 0.4 Armour
 + Level 1.7 Dodging
 - Level 1.7 Stealth
 + Level 0.1 Shields
 + Level 1.7 Spellcasting
 + Level 1.3 Conjurations
 + Level 3.5 Fire Magic


You had 3 spell levels left.
You knew the following spells:

 Your Spells              Type           Power      Damage    Failure   Level
a - Foxfire               Conj/Fire      32%        2x1d5     12%         1

Your spell library contained the following spells:

 Spells                   Type           Power      Damage    Failure   Level
 Scorch                   Fire           22%        2d5       11%         2
 Inner Flame              Hex/Fire       6%         N/A       41%         3
 Volatile Blastmotes      Fire/Tloc      12%        2d11      41%         3
 Flame Wave               Conj/Fire      8%         2d5       75%         4


Dungeon Overview and Level Annotations

Branches:
Dungeon (2/15)

Altars:

Shops:
D:1 [


Message History

The goblin is heavily wounded.
You block the goblin's attack.
You hit the goblin but do no damage.
The goblin is heavily wounded.
You block the goblin's attack.
A kobold comes into view. It is wielding a +0 whip.
The goblin hits you with a +0 dagger.
You closely miss the goblin.
The goblin is heavily wounded.
The kobold shouts!
The goblin closely misses you.
You hit the goblin but do no damage.
The goblin is heavily wounded.
You closely miss the kobold. The goblin barely misses you.
The kobold hits you with a +0 whip.
Casting: Foxfire (safe; 12% risk of failure)
Confirm with . or Enter, or press ? or * to list all spells.
You conjure some foxfire!
The goblin hits you with a +0 dagger. The kobold barely misses you.
You barely miss the goblin.
The goblin is heavily wounded.
You closely miss the kobold.
The foxfire hits the goblin.
The goblin is severely wounded.
The foxfire hits the kobold.
The kobold is severely wounded.
The goblin hits you with a +0 dagger. The kobold hits you with a +0 whip.
The goblin hits you but does no damage. The kobold hits you with a +0 whip.
* * * LOW HITPOINT WARNING * * *
Casting: Foxfire (safe; 12% risk of failure)
Confirm with . or Enter, or press ? or * to list all spells.
You conjure some foxfire!
The goblin closely misses you. The kobold hits you with a +0 whip.
* * * LOW HITPOINT WARNING * * *
Okay, then.
Your foxfire dissipates!
The kobold attacks as you move away! You block the kobold's attack.
The foxfire hits the kobold.
You kill the kobold!
The goblin hits you with a +0 dagger.
You die...

####.# #....#
#.#### #.# #.#
#.# #.# #.#
#@#######
#)g......
#...$.ยง.)..####
#.########.# .#
. #


You could see a goblin.

Vanquished Creatures
  A dart slug (D:1)
  A ball python (D:1)
  An endoplasm (D:1)
  A giant cockroach (D:1)
  A goblin (D:2)
  2 hobgoblins
  5 kobolds
  2 quokkas (D:1)
  2 bats (D:1)
  2 frilled lizards (D:1)
18 creatures vanquished.

Vanquished Creatures (others)
  22 foxfires
22 creatures vanquished.

Grand Total: 40 creatures vanquished

Notes
Turn   | Place    | Note
-------+----------+-------------------------------------------
     0 | D:1      | Pimp the Hill Orc Fire Elementalist began the quest for the
                  | Orb.
     0 | D:1      | Reached XP level 1. HP: 14/14 MP: 3/3
   135 | D:1      | Reached XP level 2. HP: 20/20 MP: 0/4
   530 | D:1      | Found a faded altar of an unknown god.
   601 | D:1      | Found Deass's Antique Armour Boutique.
   759 | D:2      | HP: 1/22 [kobold/+0 whip (5)]
   760 | D:2      | Slain by a goblin

Illustrated notes

Levels and vault maps discovered:
D:1:      dpeg_arrival_castle, layout_rooms, serial_shops, nicolae_square_shop,
          hellmonk_ecumenical_altar_zigzags
D:2:      layout_basic

Action                     || total
---------------------------++-------
  Melee: Hand axe          ||    27
   Cast: Foxfire           ||    15
   Stab: Sleeping          ||     1
 Armour: Robe              ||     3
  Dodge: Dodged            ||    19
  Block: Buckler           ||     6

Table legend: (Time is in decaauts)
 A = Elapsed time spent in this place.
 B = Non-inter-level travel time spent in this place.
 C = Inter-level travel time spent in this place.
 D = Time resting spent in this place.
 E = Time spent auto-exploring this place.
 F = Levels seen in this place.
 G = Mean time per level.
                   A        B        C        D        E       F      G
               +--------+--------+--------+--------+--------+-----+--------+
         Total |    770 |    739 |     31 |    161 |    419 |   2 |  385.0 |
       Dungeon |    770 |    739 |     31 |    161 |    419 |   2 |  385.0 |
               +--------+--------+--------+--------+--------+-----+--------+

Top non-repeatable levels by time:
     D:1: 734 daAuts
     D:2: 35 daAuts
